 Dungeon Crawl Stone Soup version 0.21.1-1-g345015f (webtiles) character file.

26 letownia2 the Magician (level 3, -6/24 HPs)
             Began as a Merfolk Wizard on Mar 19, 2018.
             Mangled by a worm (10 damage)
             ... on level 3 of the Dungeon.
             The game lasted 00:03:12 (544 turns).

letownia2 the Magician (Merfolk Wizard)              Turns: 544, Time: 00:03:13

Health: -6/24      AC:  3    Str:  8    XL:     3   Next: 8%
Magic:  0/7        EV: 13    Int: 17    God:
Gold:   87         SH:  0    Dex: 12    Spells: 5/8 levels left

rFire    . . .     SeeInvis .   f - +0 mace
rCold    . . .     Gourm    .   (no shield)
rNeg     . . .     Faith    .   a - +0 robe
rPois    .         Spirit   .   m - +0 helmet
rElec    .         Reflect  .   (no cloak)
rCorr    +         Harm     .   (no gloves)
MR       .....                  (no boots)
Stlth    ++........             (no amulet)
HPRegen  0.08/turn              g - ring of resist corrosion
MPRegen  0.10/turn              (no ring)

@: lethally poisoned (-6 -> -11), very slightly contaminated, slowed, very slow
A: change form in water, swift swim, stealthy swim
a: no special abilities


You were on level 3 of the Dungeon.
You were not hungry.

You visited 1 branch of the dungeon, and saw 3 of its levels.

You collected 87 gold pieces.

Inventory:

Hand Weapons
 c - a +0 blowgun
 e - a cursed +0 hunting sling
 f - a +0 mace (weapon)
 q - a +0 blowgun
 s - a +0 dagger
Missiles
 k - 22 sling bullets
 p - 24 poisoned needles
 r - 3 tomahawks (quivered)
Armour
 a - a +0 robe (worn)
 b - a +0 hat
 m - a +0 helmet (worn)
 t - a +0 leather armour
Jewellery
 g - a ring of resist corrosion (left hand)
Scrolls
 h - a scroll of magic mapping {unknown}
 j - a scroll of identify {unknown}
 l - a scroll of fog {unknown}
Potions
 i - a potion of degeneration {unknown}
 n - 3 potions of magic {unknown}
Books
 o - a book of Minor Magic

   Spells                             Type                      Level
   a - Magic Dart                     Conjuration                  1
   b - Blink                          Translocation                2
   c - Call Imp                       Summoning                    2
   d - Slow                           Hexes                        2
   e - Conjure Flame                  Conjuration/Fire             3
   f - Mephitic Cloud                 Conjuration/Poison/Air       3
Comestibles
 d - 2 rations
 u - a chunk of flesh


   Skills:
 - Level 2.9 Dodging
 - Level 2.1 Stealth
 - Level 3.0 Spellcasting
 - Level 1.5 Conjurations
 + Level 2.2 Summonings
   Level 0.7 Translocations


You had 5 spell levels left.
You knew the following spells:

 Your Spells              Type           Power        Failure   Level  Hunger
a - Magic Dart            Conj           #...         10%         1    None
i - Call Imp              Summ           ##......     11%         2    ##.....


Dungeon Overview and Level Annotations

Branches:
Dungeon (3/15)

Altars:


Message History

You feel a strange surge of energy!
You feel sick. The kobold misses you.
Unknown command.
Unknown command.
You barely miss the kobold.
The kobold is severely wounded.
You feel sick. The kobold hits you.
* * * LOW HITPOINT WARNING * * *
The kobold barely misses you. The kobold closely misses you.
A worm comes into view.
Unknown command.
You sock the kobold!
You kill the kobold!
* * * LOW HITPOINT WARNING * * *
You feel sick. The worm closely misses you.
Unknown command.
You thump the worm!
The worm is heavily wounded.
* * * LOW HITPOINT WARNING * * *
You feel sick. The worm bites you!
You die...

.# .' .### ... l ##### #####..
.. #.... #..... #.## #....
#.##.###.w..#. #....
#.#...@w.....( ##....
#.#(.############
#.....##'#..###.........
#............###.#############
#..........>.'..[............
#............###.##........#
#....######### #.##........###
#.... #.##.....†..... #...
#.##.........##


You could see 2 worms and a leopard gecko (wandering).

Vanquished Creatures
  A worm (D:3)
  3 orcs (D:3)
  A giant cockroach (D:2)
  2 goblins
  A hobgoblin (D:3)
  A quokka (D:2)
  A ball python (D:3)
  4 bats
  4 kobolds
  2 rats (D:2)
20 creatures vanquished.

Vanquished Creatures (collateral kills)
  An orc (D:3)
1 creature vanquished.

Grand Total: 21 creatures vanquished

Notes
Turn   | Place    | Note
-------+----------+-------------------------------------------
     0 | D:1      | letownia2 the Merfolk Wizard began the quest for the Orb.
     0 | D:1      | Reached XP level 1. HP: 13/13 MP: 4/4
    26 | D:1      | You fall through a shaft!
    67 | D:2      | Reached skill level 1 in Conjurations
   125 | D:2      | Reached XP level 2. HP: 13/19 MP: 0/6
   154 | D:2      | Learned a level 2 spell: Call Imp
   502 | D:3      | Reached XP level 3. HP: 23/24 MP: 1/7
   544 | D:3      | Mangled by a worm

Skill      XL: |  1  2 |
---------------+-------+-----
Conjurations   | 1 |  1.5
Summonings     | 2 |  2.2
Dodging        | |  2.9
Stealth        | |  2.1
Spellcasting   | |  3.0
Translocations | |  0.7

Action                   || total
-------------------------++-------
Melee: Unarmed           ||    22
       Mace              ||    15
 Fire: Blowgun           ||    14
Throw: Tomahawk          ||     1
 Cast: Magic Dart        ||    41
       Call Imp          ||     1
Armor: Robe              ||    16
Dodge: Dodged            ||    53
